Match 45113064
Unlisted

Match 45113064
End
Panzergrenadier Squad
250 Light Carrier
Panzergrenadier Squad
Selects Battlefield Espionage Battlegroup
Selects Intel Disruption Beacon
Construct Light Support Kompanie
2.5-tonne Medical Truck
Fire Support Elements
Pak 38 Mechanized Group
Veteran Squad Leaders
Combat Half-tracks
Panzergrenadier Squad
Construct Panzerarmee Kommand
Selects Plunder
2.5-tonne Medical Truck
le.IG 18 Mechanized Group
Walking Stuka Rocket Launcher
Panzer III L Medium Tank
Vehicle Survival Package
Selects Firestorm
Selects 250/3 Funkpanzerwagen
Selects Anti-Tank Incendiary Munitions
Selects Operation Skorpion
Firestorm
Panzer III L Medium Tank
Panzer III L Medium Tank
Firestorm
Firestorm
Emergency Repair Kits
Rowen
表面1片天
Aprosarmosto
To remember.C
LarryLuxus
Yisus
taran
SHTREBUH
0
0

Comments sign in to comment!

No comments posted yet!